 Dungeon Crawl Stone Soup version 0.18.1-8-gdd0e5ea (webtiles) character file.

27 Matsuo the Skirmisher (level 3, -3/30 HPs)
             Began as a Formicid Abyssal Knight on June 2, 2016.
             Was a Follower of Lugonu.
             Slain by Sigmund
             ... wielding a +1 scythe of protection
              (6 damage)
             ... on level 2 of the Dungeon.
             The game lasted 00:02:50 (1051 turns).

Matsuo the Skirmisher (Formicid Abyssal Knight)     Turns: 1051, Time: 00:02:51

Health: -3/30      AC:  6    Str: 16    XL:     3   Next: 25%
Magic:  4/4        EV:  9    Int: 11    God:    Lugonu [*.....]
Gold:   41         SH:  0    Dex: 11    Spells: 0 memorised, 2 levels left

rFire  . . .     SeeInvis +     h - +0 quarterstaff
rCold  . . .     Gourm    .     o - +0 scale mail
rNeg   . . .     Faith    .     (no shield)
rPois  .         Spirit   .     (helmet unavailable)
rElec  .         Dismiss  .     (no cloak)
rCorr  .         Reflect  .     (no gloves)
SustAt .         Harm     .     (no boots)
MR     .....                    (no amulet)
Stlth  ..........               (no ring)
                                (no ring)

@: not resistant to hostile enchantments, extremely unstealthy
A: permanent stasis, dig shafts and tunnels, four strong arms, antennae 3
a: Dig, Shaft Self, Depart the Abyss, Renounce Religion


You were on level 2 of the Dungeon.
You worshipped Lugonu.
Lugonu was aware of your devotion.
You were hungry.

You visited 1 branch of the dungeon, and saw 2 of its levels.
You visited the Abyss 1 time.

You collected 41 gold pieces.

Inventory:

Hand Weapons
 a - a +1 hand axe
 h - a +0 quarterstaff (weapon)
Armour
 b - a +0 leather armour
 f - a +0 ring mail
 i - a +0 chain mail
 o - a +0 scale mail (worn)
Scrolls
 d - 3 scrolls of recharging {unknown}
 e - a scroll of fear {unknown}
 g - a scroll of identify {unknown}
 n - 3 scrolls of teleportation {unknown}
 p - a scroll of random uselessness {unknown}
Potions
 k - 2 potions of curing {unknown}
 l - a potion of cancellation {unknown}
Comestibles
 c - 2 bread rations
 j - a meat ration
 m - 3 fruits


   Skills:
 + Level 4.0 Fighting
 + Level 2.1 Axes
 + Level 0.2 Staves
 + Level 2.5 Armour
 + Level 1.1 Dodging
 + Level 2.3 Invocations


You had 2 spell levels left.
You didn't know any spells.

Dungeon Overview and Level Annotations

Branches:
Dungeon (2/15)

Altars:

Annotations:
D:2 Sigmund


Innate Abilities, Weirdness & Mutations

You are under a permanent stasis effect.
You can dig through walls and to a lower floor.
Your four strong arms can wield two-handed weapons with a shield.
You have a pair of large antennae on your head (SInv).


Message History

You hit Sigmund but do no damage. Sigmund casts a spell at you.
The puff of flame hits you!
* * * LOW HITPOINT WARNING * * *
You are too injured to fight recklessly!
You hit Sigmund but do no damage. Sigmund hits you but does no damage.
You sock Sigmund!
Sigmund is moderately wounded.
Sigmund closely misses you.
You hit Sigmund but do no damage.
Sigmund is moderately wounded.
Sigmund closely misses you.
You hit Sigmund but do no damage.
Sigmund is moderately wounded.
Sigmund hits you with a scythe of protection.
* * * LOW HITPOINT WARNING * * *
You hit Sigmund but do no damage.
Sigmund is moderately wounded.
Sigmund hits you with a scythe of protection.
You die...

.# .#
########.###.#
#....!.......#
#.####........
#.# #.#.#.###
#.## #.# #
#..# #.# ##.#
#@# #.##.@..#
#.##..##.#
#<##..# .#
#.##..# #
#.##..#
#.##..#
#.##... #.#


You could see Sigmund.

Vanquished Creatures
  A dart slug (D:1)
  A giant gecko (D:1)
  2 bats (D:1)
  A giant cockroach (D:1)
  3 goblins (D:1)
  5 hobgoblins
  A ball python (D:1)
  4 kobolds (D:1)
  3 rats (D:1)
21 creatures vanquished.

Notes
Turn   | Place    | Note
--------------------------------------------------------------
     0 | Abyss:1  | Matsuo the Formicid Abyssal Knight began the quest for the Orb.
     0 | Abyss:1  | Reached XP level 1. HP: 18/18 MP: 2/2
    51 | Abyss:2  | Noticed a neqoxec
    82 | Abyss:3  | Noticed a large abomination
    92 | Abyss:3  | Noticed a wretched star
    92 | D:1      | Escaped the Abyss
   330 | D:1      | Reached XP level 2. HP: 24/24 MP: 3/3
   357 | D:1      | Reached * piety under Lugonu
   553 | D:1      | Reached skill level 1 in Dodging
   557 | D:1      | Reached XP level 3. HP: 30/30 MP: 4/4
   710 | D:1      | Reached skill level 4 in Fighting
  1038 | D:2      | Noticed Sigmund
  1051 | D:2      | Slain by Sigmund

Skill      XL: |  1  2  3 |
---------------+----------+-----
Dodging        | 1 |  1.1
Fighting       | 4 |  4.0
Axes           | |  2.1
Staves         | |  0.2
Armour         | |  2.5
Invocations    | |  2.3

Action                   || total
-------------------------++-------
Melee: Quarterstaff      ||    59
Invok: Depart the Abyss  ||     1
Armor: Ring mail         ||    16
       Scale mail        ||     2
Dodge: Dodged            ||    34
